 Dungeon Crawl Stone Soup version 0.22-a0-482-g76e0a5f (webtiles) character file.

109 Defined the Fighter (level 4, 0/48 HPs)
             Began as a Gnoll Wanderer on June 17, 2018.
             Slain by a gnoll
             ... wielding a +0 halberd
              (2 damage)
             ... on level 4 of the Dungeon.
             The game lasted 00:10:40 (3246 turns).

Defined the Fighter (Gnoll Wanderer)                Turns: 3246, Time: 00:10:41

Health: 0/48       AC: 11    Str: 13    XL:     4   Next: 90%
Magic:  5/5        EV:  6    Int: 19    God:
Gold:   155        SH:  0    Dex: 14    Spells: 5/5 levels left

rFire    . . .     SeeInvis .   f - +0 dagger
rCold    . . .     Gourm    .   (no shield)
rNeg     . . .     Faith    .   k - +0 chain mail
rPois    .         Spirit   .   (no helmet)
rElec    .         Reflect  .   w - +0 cloak
rCorr    .         Harm     .   t - +0 pair of gloves
MR       .....                  (no boots)
Stlth    ..........             (no amulet)
HPRegen  0.16/turn              h - +2 ring of intelligence
MPRegen  0.09/turn              (no ring)

@: no status effects
A: distributed training, fangs 1, strong nose
a: no special abilities


You were on level 4 of the Dungeon.
You were very hungry.

You visited 1 branch of the dungeon, and saw 4 of its levels.

You collected 155 gold pieces.

Inventory:

Hand Weapons
 e - a +0 club
 f - a +0 dagger (weapon)
 x - a +1 blowgun
Missiles
 j - 40 bolts
Armour
 k - a +0 chain mail (worn)
 t - a +0 pair of gloves (worn)
 w - a +0 cloak (worn)
Jewellery
 h - a +2 ring of intelligence (left hand)
Scrolls
 d - 3 scrolls of teleportation
 p - a scroll of amnesia
 q - 2 scrolls of immolation
Potions
 a - 3 potions of haste
 b - a potion of lignification
 c - 5 potions of curing
 i - a potion of flight {unknown}
 l - a potion of brilliance
 m - a potion of ambrosia {unknown}
 n - a potion of agility {unknown}
 r - 3 potions of heal wounds {unknown}
Comestibles
 g - 9 rations


   Skills:
 + Level 10.4 Fighting
 + Level 1.2 Short Blades
 + Level 1.2 Long Blades
 + Level 1.2 Axes
 + Level 1.2 Maces & Flails
 + Level 1.2 Polearms
 + Level 1.2 Staves
 + Level 1.2 Slings
 + Level 1.2 Bows
 + Level 1.2 Crossbows
 + Level 1.2 Throwing
 + Level 2.8 Armour
 + Level 1.2 Dodging
 + Level 4.3 Stealth
 + Level 2.8 Shields
 + Level 2.8 Unarmed Combat
 + Level 1.2 Spellcasting
 + Level 1.0 Conjurations
 + Level 1.0 Hexes
 + Level 1.0 Charms
 + Level 1.0 Summonings
 + Level 1.0 Necromancy
 + Level 1.0 Translocations
 + Level 1.0 Transmutations
 + Level 1.0 Fire Magic
 + Level 1.0 Ice Magic
 + Level 1.0 Air Magic
 + Level 1.0 Earth Magic
 + Level 1.0 Poison Magic
 + Level 1.3 Invocations
 + Level 1.2 Evocations


You had 5 spell levels left.
You didn't know any spells.
Your spell library was empty.

Dungeon Overview and Level Annotations

Branches:
Dungeon (4/15)
 Temple: D:4-7

Altars:
Uskayaw


Innate Abilities, Weirdness & Mutations

Your experience applies equally to all skills.
You have very sharp teeth.
Your uncanny sense of smell can sniff out nearby items.


Message History

Your chain mail prevents you from hitting the gnoll.
The gnoll is lightly wounded.
The gnoll hits you but does no damage.
You hit the gnoll. You bite the gnoll, but do no damage.
The gnoll is lightly wounded.
The gnoll hits you but does no damage.
You hit the gnoll. Your bite misses the gnoll.
The gnoll is moderately wounded.
The gnoll hits you with a halberd!
* * * LOW HITPOINT WARNING * * *
You hit the gnoll. You bite the gnoll, but do no damage.
The gnoll is heavily wounded.
The gnoll hits you with a halberd!
* * * LOW HITPOINT WARNING * * *
You hit the gnoll. You bite the gnoll, but do no damage.
The gnoll is almost dead.
You hit the gnoll but do no damage.
The gnoll is almost dead.
The gnoll hits you with a halberd.
You die...

##############.##
#().gr†..((((...(
#.############.##
#r# #g# #@# #.#
###.# #..<# #.###
#.# #.# #.# #.#


You could see a gnoll and a quokka.

Vanquished Creatures
  2 gnolls (D:4)
  2 adders (D:3)
  3 dart slugs
  3 worms
  4 leopard geckos
  A ball python (D:2)
  3 giant cockroaches (D:3)
  3 goblins
  6 hobgoblins
  5 jackals
  7 kobolds
  A quokka (D:3)
  A bat (D:3)
  5 frilled lizards
  9 rats
55 creatures vanquished.

Notes
Turn   | Place    | Note
-------+----------+-------------------------------------------
     0 | D:1      | Reached skill level 10 in Fighting
     0 | D:1      | Defined the Gnoll Wanderer began the quest for the Orb.
     0 | D:1      | Defined set off with: 2 potions of haste, a potion of lignification, a potion of curing, a +0 robe, a +0 club, a +0 dagger, a ration
     0 | D:1      | Reached XP level 1. HP: 28/28 MP: 1/1
   171 | D:1      | Reached XP level 2. HP: 22/36 MP: 2/2
   695 | D:1      | Reached XP level 3. HP: 42/42 MP: 3/3
  1075 | D:2      | Found a hide-covered altar of Uskayaw.
  1075 | D:2      | Noticed a hand axe
  1075 | D:2      | Noticed a dagger
  1222 | D:2      | Reached skill level 1 in Invocations
  1763 | D:3      | Reached skill level 1 in Short Blades
  1763 | D:3      | Reached skill level 1 in Long Blades
  1763 | D:3      | Reached skill level 1 in Axes
  1763 | D:3      | Reached skill level 1 in Maces & Flails
  1763 | D:3      | Reached skill level 1 in Polearms
  1763 | D:3      | Reached skill level 1 in Staves
  1763 | D:3      | Reached skill level 1 in Slings
  1763 | D:3      | Reached skill level 1 in Bows
  1763 | D:3      | Reached skill level 1 in Crossbows
  1763 | D:3      | Reached skill level 1 in Throwing
  1763 | D:3      | Reached skill level 1 in Dodging
  1763 | D:3      | Reached skill level 1 in Spellcasting
  1763 | D:3      | Reached skill level 1 in Evocations
  1808 | D:3      | Reached XP level 4. HP: 48/48 MP: 5/5
  2944 | D:4      | Reached skill level 1 in Conjurations
  2944 | D:4      | Reached skill level 1 in Hexes
  2944 | D:4      | Reached skill level 1 in Charms
  2944 | D:4      | Reached skill level 1 in Summonings
  2944 | D:4      | Reached skill level 1 in Necromancy
  2944 | D:4      | Reached skill level 1 in Translocations
  2944 | D:4      | Reached skill level 1 in Transmutations
  2944 | D:4      | Reached skill level 1 in Fire Magic
  2944 | D:4      | Reached skill level 1 in Ice Magic
  2944 | D:4      | Reached skill level 1 in Air Magic
  2944 | D:4      | Reached skill level 1 in Earth Magic
  2944 | D:4      | Reached skill level 1 in Poison Magic
  2975 | D:4      | HP: 1/48 [gnoll/halberd (2)]
  3244 | D:4      | HP: 1/48 [gnoll/halberd (12)]
  3246 | D:4      | Slain by a gnoll

Vault maps used:
D:1:      dpeg_arrival_houses_and_road, minmay_misc_feat_ornament,
          serial_park_tiny_pond
D:2:      dancing_weapons_uskayaw
D:4:      kennysheep_mini_moat, first_ration, kennysheep_boxes, uniq_eustachio

Skill      XL: |  1  2  3  4 |
---------------+-------------+-----
Fighting       | | 10.4
Invocations    | 1 |  1.3
Short Blades   | 1 |  1.2
Long Blades    | 1 |  1.2
Axes           | 1 |  1.2
Maces & Flails | 1 |  1.2
Polearms       | 1 |  1.2
Staves         | 1 |  1.2
Slings         | 1 |  1.2
Bows           | 1 |  1.2
Crossbows      | 1 |  1.2
Throwing       | 1 |  1.2
Dodging        | 1 |  1.2
Spellcasting   | 1 |  1.2
Evocations     | 1 |  1.2
Conjurations   | 1 |  1.0
Hexes          | 1 |  1.0
Charms         | 1 |  1.0
Summonings     | 1 |  1.0
Necromancy     | 1 |  1.0
Translocations | 1 |  1.0
Transmutations | 1 |  1.0
Fire Magic     | 1 |  1.0
Ice Magic      | 1 |  1.0
Air Magic      | 1 |  1.0
Earth Magic    | 1 |  1.0
Poison Magic   | 1 |  1.0
Armour         | |  2.8
Stealth        | |  4.3
Shields        | |  2.8
Unarmed Combat | |  2.8

Action                   |  1- 3 |  4- 6 || total
-------------------------+-------+-------++-------
Melee: Club              |   222 |   104 ||   326
       Bite              |    24 |    15 ||    39
       Punch             |     2 |     2 ||     4
       Dagger            |       |    27 ||    27
 Fire: Blowgun           |       |    11 ||    11
Throw: Tomahawk          |       |     2 ||     2
  Use: Scroll            |     4 |     6 ||    10
  Eat: Chunk             |     3 |     4 ||     7
Armor: Ring mail         |    22 |       ||    22
       Chain mail        |   103 |    95 ||   198
Dodge: Dodged            |    88 |    54 ||   142

Table legend:
 A = Spawn XP
 B = Non-spawn XP
 C = Spawn XP percentage of total XP
 D = Spawn monster count
 E = Non-spawn monster count
 F = Spawn count percentage of total count
 G = Total turns spent on level
                    A         B        C        D         E        F      G
               +---------+---------+-------+---------+---------+-------+---------
         Total |       0 |     157 |   0.0 |       0 |      55 |   0.0 |  3246
               +---------+---------+-------+---------+---------+-------+---------
           D:1 |       0 |      50 |   0.0 |       0 |      27 |   0.0 |  1093
           D:2 |       0 |      23 |   0.0 |       0 |      10 |   0.0 |   565
           D:3 |       0 |      55 |   0.0 |       0 |      16 |   0.0 |  1491
           D:4 |       0 |      29 |   0.0 |       0 |       2 |   0.0 |    97
               +---------+---------+-------+---------+---------+-------+---------
